Map: Purity and Industry LE

Players

Rome

  • Race: Zerg Zerg
  • League: Master
  • Spawn Location: 12:00

llllllllllll - Winner!

  • Race: Protoss Protoss
  • League: Master
  • Spawn Location: 3:00

VOD

Have the link to the VOD?

Description

Time

  • Played on: April 3, 2020, 12:09 p.m.
  • Length: 6:19
Show
View Real Time Build Order
Export as new Build Order

Rome Zerg 

Build Orders: Hatch First 

Get SALT Encoding   

  12  0:00  Drone  
  13  0:13  Overlord  
  13  0:19  Drone  
  14  0:33  Drone x2  
  16  0:48  Hatchery  
  15  0:55  Drone  
  16  1:01  Drone x2  
  18  1:16  Extractor  
  18  1:18  Spawning Pool  
  16  1:21  Drone  
  17  1:41  Drone x2  
  17  1:44  Drone  
  20  1:57  Overlord  
  20  2:06  Drone x2  
  22  2:11  Queen  
  24  2:22  Queen  
  26  2:24  Drone  
  26  2:26  Drone  
  28  2:33  Metabolic Boost  
  28  2:35  Drone  
  29  2:44  Drone  
  30  2:46  Zergling x4  
  32  3:04  Hatchery  
  31  3:12  Drone x2  
  33  3:14  Overlord  
  33  3:15  Drone x2  
  35  3:23  Drone  
  35  3:26  Pneumatized Carapace  
  36  3:29  Overlord  
  36  3:35  Zergling x6  
  36  3:39  Drone  
  40  3:43  Drone x2  
  40  3:44  Drone  
  43  3:50  Roach Warren  
  43  3:52  Extractor, Drone  
  43  3:53  Drone  
  43  3:54  Drone  
  44  4:02  Spore Crawler  
  43  4:03  Spore Crawler  
  43  4:04  Drone  
  43  4:07  Drone x2  
  45  4:10  Drone  
  45  4:20  Drone x2  
  46  4:33  Evolution Chamber  
  46  4:34  Roach x2  
  46  4:35  Overlord x2  
  49  4:44  Spine Crawler  
  49  4:45  Overlord  
  48  4:52  Overlord  
  48  4:54  Roach x7  
  62  5:02  Roach  
  62  5:03  Roach x2  
  66  5:21  Zergling x18  
  61  5:32  Roach x3  
  54  5:44  Roach x3  
Show
View Real Time Build Order
Export as new Build Order

llllllllllll Protoss - Winner!

Build Orders: 1 Gate Expand 

Get SALT Encoding   

  12  0:01  Probe  
  13  0:13  Probe  
  14  0:20  Pylon  
  14  0:25  Probe (Chrono Boost)  
  15  0:39  Probe (Chrono Boost)  
  15  0:40  Gateway  
  16  0:45  Probe  
  16  0:48  Assimilator  
  17  0:57  Probe  
  18  1:09  Probe (Chrono Boost)  
  19  1:22  Probe (Chrono Boost)  
  19  1:23  Pylon  
  20  1:36  Nexus  
  19  1:41  Cybernetics Core  
  19  1:43  Probe  
  20  1:48  Assimilator  
  20  1:55  Probe  
  20  1:59  Pylon  
  21  2:07  Probe  
  22  2:15  Adept (Chrono Boost)  
  22  2:19  Probe, Warp Gate  
  25  2:29  Twilight Council  
  25  2:31  Probe  
  26  2:38  Stalker  
  26  2:44  Probe  
  29  2:48  Probe  
  30  2:58  Robotics Facility  
  30  2:59  Probe  
  30  3:00  Probe  
  32  3:11  Probe  
  33  3:13  Probe  
  33  3:19  Gateway  
  34  3:25  Probe (Chrono Boost)  
  34  3:26  Probe (Chrono Boost)  
  36  3:27  Charge (Chrono Boost)  
  36  3:36  Probe (Chrono Boost)  
  36  3:40  Probe (Chrono Boost), Gateway  
  38  3:41  Probe (Chrono Boost)  
  39  3:50  Gateway  
  39  3:52  Gateway  
  39  3:56  Warp Prism  
  41  4:03  Gateway  
  41  4:08  Gateway  
  41  4:14  Gateway  
  41  4:16  Adept  
  43  4:24  Probe  
  42  4:31  Gateway  
  42  4:35  Zealot  
  42  4:37  Zealot  
  46  4:39  Pylon  
  46  4:41  Pylon  
  46  4:55  Pylon  
  46  5:03  Zealot  
  46  5:04  Zealot x6  
  58  5:24  Zealot x6  
  68  5:31  Stalker x2  
  68  5:34  Warp Prism (Chrono Boost)  
  64  5:40  Zealot  
  64  5:51  Zealot  
  64  5:52  Zealot  
  64  5:54  Zealot  
  64  6:17  Pylon  
Tags
 
Add a new tag
Caveats
  • Supply blocks, unpowered buildings, or Contaminate may cause inaccurate times.
  • Supply counts are checked every 10 seconds.